ABL
COLLINGWOOD MAGPIES @ PARRAMATTA GIANTS
06/15/2022
 
TOP OF THE 1ST
Collingwood Magpies batting - Pitching for Parramatta Giants : LHP Ieni Nagas
Pitching: LHP Ieni Nagas
Batting: RHB Kevin Camira 0-0: Ball
1-0: Fly out, F9 (Flyball, 9S, EV 90.6 MPH)
Batting: SHB Colin Attoehow 0-0: Bunt - Flyout to 25! F5
Batting: RHB Sinbad Trounson 0-0: Called Strike
0-1: Ball
1-1: Fly out, F8 (Flyball, 8RD, EV 96.3 MPH)
Top of the 1st over - 0 runs, 0 hits, 0 errors, 0 left on base; Collingwood 0 - Parramatta 0
BOTTOM OF THE 1ST
Parramatta Giants batting - Pitching for Collingwood Magpies : RHP Steve Marr
Pitching: RHP Steve Marr
Batting: RHB Braxton Byford 0-0: Called Strike
0-1: Ball
1-1: Foul Ball, location: 9LDF
1-2: Ground out 4-3 (Groundball, 4M, EV 78.8 MPH)
Batting: RHB Jace Whitlock 0-0: Called Strike
0-1: Ball
1-1: Ball
2-1: Called Strike
2-2: Strikes out looking
Batting: LHB Hughie Stannard 0-0: Called Strike
0-1: Ball
1-1: Ball
2-1: Foul Ball, location: 2F
2-2: Fly out, F7 (Flyball, 7, EV 91.3 MPH)
Bottom of the 1st over - 0 runs, 0 hits, 0 errors, 0 left on base; Collingwood 0 - Parramatta 0
TOP OF THE 2ND
Collingwood Magpies batting - Pitching for Parramatta Giants : LHP Ieni Nagas
Batting: RHB Jake Aggett 0-0: Called Strike
0-1: Ball
1-1: Foul Ball, location: 5SF
1-2: Ball
2-2: Strikes out swinging
Batting: RHB Bradly Acheson 0-0: SINGLE (Groundball, 6MD, EV 95.6 MPH)
Batting: LHB John Mitford 0-0: Called Strike
0-1: Ball
1-1: Ball
2-1: Foul Ball, location: 7LDF
2-2: Strikes out looking
Batting: RHB Don Bonfield 0-0: Fielders Choice at 2nd, 6-4 (Groundball, 6, EV 87.5 MPH)
Top of the 2nd over - 0 runs, 1 hit, 0 errors, 1 left on base; Collingwood 0 - Parramatta 0
BOTTOM OF THE 2ND
Parramatta Giants batting - Pitching for Collingwood Magpies : RHP Steve Marr
Batting: RHB Tristan Cartier 0-0: Ball
1-0: Ball
2-0: Ball
3-0: Called Strike
3-1: SINGLE (Line Drive, 5D, EV 99.4 MPH)
Batting: RHB Matt Leseberg 0-0: Ball
1-0: Foul Ball, location: 9LDF
1-1: Swinging Strike
1-2: Foul Ball, location: 25F
1-2: Strikes out swinging
Batting: RHB Desmond Williams 0-0: Foul Ball, location: 9LDF
0-1: Fly out, F8 (Line Drive, 8RM, EV 93.8 MPH)
Batting: SHB Layne Hodnett 0-0: Swinging Strike
0-1: Called Strike
0-2: Foul Ball, location: 3F
0-2: SINGLE (Line Drive, 8RS, EV 87.5 MPH)
Tristan Cartier to second
Runner from 2nd tries for 3rd, SAFE, no throw by CF
Batting: RHB Willie Bendall 0-0: Ball
1-0: Fly out, F3 (Popup, 23, EV 79.4 MPH)
Bottom of the 2nd over - 0 runs, 2 hits, 0 errors, 2 left on base; Collingwood 0 - Parramatta 0
TOP OF THE 3RD
Collingwood Magpies batting - Pitching for Parramatta Giants : LHP Ieni Nagas
Batting: RHB Jamie Heaman 0-0: Ball
1-0: Ball
2-0: Ball
3-0: Base on Balls
Batting: RHB Steve Marr 0-0: Bunted foul
0-1: Ball
1-1: Sac Bunt - play at second, runner OUT -> throw to first, DP!
Batting: RHB Kevin Camira 0-0: Ground out 5-3 (Groundball, 56, EV 96.3 MPH)
Top of the 3rd over - 0 runs, 0 hits, 0 errors, 0 left on base; Collingwood 0 - Parramatta 0
BOTTOM OF THE 3RD
Parramatta Giants batting - Pitching for Collingwood Magpies : RHP Steve Marr
Batting: LHB Ieni Nagas 0-0: Called Strike
0-1: Ball
1-1: Swinging Strike
1-2: Foul Ball, location: 2F
1-2: Ball
2-2: Ground out 4-3 (Groundball, 4, EV 83.8 MPH)
Batting: RHB Braxton Byford 0-0: DOUBLE (Line Drive, 7LS, EV 105.0 MPH)
Batting: RHB Jace Whitlock 0-0: Ball
1-0: Swinging Strike
1-1: 2-RUN HOME RUN (Line Drive, 7D, EV 102.5 MPH), Distance : 390 ft
Batting: LHB Hughie Stannard 0-0: Fly out, F8 (Flyball, 8RD, EV 101.9 MPH)
Batting: RHB Tristan Cartier 0-0: Called Strike
0-1: Called Strike
0-2: Ground out 4-3 (Groundball, 4, EV 93.8 MPH)
Bottom of the 3rd over - 2 runs, 2 hits, 0 errors, 0 left on base; Collingwood 0 - Parramatta 2
TOP OF THE 4TH
Collingwood Magpies batting - Pitching for Parramatta Giants : LHP Ieni Nagas
Batting: SHB Colin Attoehow 0-0: Swinging Strike
0-1: Foul Ball, location: 9LDF
0-2: Strikes out swinging
Batting: RHB Sinbad Trounson 0-0: Ball
1-0: Called Strike
1-1: Ball
2-1: Ground out 6-3 (Groundball, 56, EV 97.5 MPH)
Batting: RHB Jake Aggett 0-0: Ball
1-0: Ball
2-0: Ball
3-0: Called Strike
3-1: Called Strike
3-2: Ground out 3-1 (Groundball, 34S, EV 75.6 MPH)
Top of the 4th over - 0 runs, 0 hits, 0 errors, 0 left on base; Collingwood 0 - Parramatta 2
BOTTOM OF THE 4TH
Parramatta Giants batting - Pitching for Collingwood Magpies : RHP Steve Marr
Batting: RHB Matt Leseberg 0-0: Ball
1-0: Ball
2-0: Ball
3-0: Called Strike
3-1: Base on Balls
Batting: RHB Desmond Williams 0-0: Sac Bunt to 2R - play at first, batter OUT! 2-3
Matt Leseberg to second
Batting: SHB Layne Hodnett 0-0: Ball
1-0: Swinging Strike
1-1: Swinging Strike
1-2: Ball
2-2: Foul Ball, location: 7LDF
2-2: DOUBLE (Line Drive, 3D, EV 100.0 MPH)
Matt Leseberg scores
Batting: RHB Willie Bendall 0-0: Ball
1-0: Foul Ball, location: 2F
1-1: Ground out 5-3 (Groundball, 56, EV 78.1 MPH)
Batting: LHB Ieni Nagas 0-0: Ground out 4-3 (Groundball, 34, EV 88.8 MPH)
Bottom of the 4th over - 1 run, 1 hit, 0 errors, 1 left on base; Collingwood 0 - Parramatta 3
TOP OF THE 5TH
Collingwood Magpies batting - Pitching for Parramatta Giants : LHP Ieni Nagas
Batting: RHB Bradly Acheson 0-0: Foul Ball, location: 2F
0-1: Ball
1-1: Called Strike
1-2: Ground out 6-3 (Groundball, 6, EV 93.8 MPH)
Batting: LHB John Mitford 0-0: Swinging Strike
0-1: Ball
1-1: Ball
2-1: Fly out, F8 (Flyball, 8LM, EV 77.5 MPH)
Batting: RHB Don Bonfield 0-0: Ball
1-0: Ball
2-0: Ball
3-0: Called Strike
3-1: Base on Balls
Batting: RHB Jamie Heaman 0-0: Ball
1-0: Ground out 2-3 (Groundball, 2R, EV 65.6 MPH)
Top of the 5th over - 0 runs, 0 hits, 0 errors, 1 left on base; Collingwood 0 - Parramatta 3
BOTTOM OF THE 5TH
Parramatta Giants batting - Pitching for Collingwood Magpies : RHP Steve Marr
Batting: RHB Braxton Byford 0-0: Called Strike
0-1: Ball
1-1: Foul Ball, location: 2F
1-2: Strikes out swinging
Batting: RHB Jace Whitlock 0-0: Called Strike
0-1: Ball
1-1: Ball
2-1: Ground out 6-3 (Groundball, 6, EV 87.5 MPH)
Batting: LHB Hughie Stannard 0-0: Called Strike
0-1: Ball
1-1: Called Strike
1-2: Ball
2-2: SINGLE (Groundball, 34D, EV 109.4 MPH)
Batting: RHB Tristan Cartier 0-0: Ball
1-0: Foul Ball, location: 3SF
1-1: Ball
2-1: Fly out, F9 (Flyball, 9LSF, EV 80.0 MPH)
Bottom of the 5th over - 0 runs, 1 hit, 0 errors, 1 left on base; Collingwood 0 - Parramatta 3
TOP OF THE 6TH
Collingwood Magpies batting - Pitching for Parramatta Giants : LHP Ieni Nagas
Batting: RHB Steve Marr 0-0: Ball
1-0: Foul Ball, location: 2F
1-1: Fly out, F5 (Popup, 5S, EV 78.1 MPH)
Batting: RHB Kevin Camira 0-0: Called Strike
0-1: DOUBLE (Flyball, 89D, EV 88.8 MPH)
Batting: SHB Colin Attoehow 0-0: Ball
Kevin Camira steals 3rd base (no throw)
1-0: Ball
2-0: Called Strike
2-1: Called Strike
2-2: Foul Ball, location: 23F
2-2: SINGLE (Groundball, 56S, EV 74.4 MPH) (infield hit)
Kevin Camira scores
Batting: RHB Sinbad Trounson 0-0: Ball
1-0: Ball
2-0: Ball
3-0: Called Strike
3-1: Foul Ball, location: 25F
3-2: SINGLE (Line Drive, 34, EV 99.4 MPH)
Colin Attoehow to second
Runner from 2nd tries for 3rd, SAFE, throw by RF made to third
Batting: RHB Jake Aggett 0-0: Called Strike
0-1: Ball
1-1: Ball
2-1: Swinging Strike
2-2: Foul Ball, location: 9LMF
2-2: Fly out, F8 (Line Drive, 8LM, EV 89.4 MPH)
Runner from 3rd tags up, SCORES, throw by CF
Batting: RHB Bradly Acheson 0-0: Ball
1-0: Called Strike
Sinbad Trounson is caught stealing 2nd base 2-4
Top of the 6th over - 2 runs, 3 hits, 0 errors, 0 left on base; Collingwood 2 - Parramatta 3
BOTTOM OF THE 6TH
Parramatta Giants batting - Pitching for Collingwood Magpies : RHP Steve Marr
Batting: RHB Matt Leseberg 0-0: Called Strike
0-1: Foul Ball, location: 3F
0-2: DOUBLE (Flyball, 8LXD, EV 110.0 MPH)
Batting: RHB Desmond Williams 0-0: Called Strike
0-1: Foul Ball, location: 2F
0-2: Strikes out swinging
Batting: SHB Layne Hodnett 0-0: Ball
1-0: SINGLE (Groundball, 3D, EV 101.9 MPH)
Matt Leseberg to third
Runner from 3rd tries for Home, SAFE, throw by RF to home
Layne Hodnett to second
Batting: RHB Willie Bendall 0-0: Called Strike
0-1: Ball
1-1: Swinging Strike
1-2: Foul Ball, location: 23F
1-2: Hit by Pitch
Batting: LHB Ieni Nagas 0-0: Ball
1-0: Called Strike
1-1: Bunted foul
1-2: Strikes out swinging
Batting: RHB Braxton Byford 0-0: Called Strike
0-1: Ball
1-1: Fly out, F8 (Flyball, 8LD, EV 88.8 MPH)
Bottom of the 6th over - 1 run, 2 hits, 0 errors, 2 left on base; Collingwood 2 - Parramatta 4
TOP OF THE 7TH
Collingwood Magpies batting - Pitching for Parramatta Giants : LHP Ieni Nagas
Batting: RHB Bradly Acheson 0-0: Foul Ball, location: 3DF
0-1: SINGLE (Groundball, 4MD, EV 102.5 MPH)
Batting: LHB John Mitford 0-0: Ball
1-0: Bunt missed!
1-1: Bunt missed!
1-2: Fielders Choice at 2nd, 4-6 (Groundball, 4MS, EV 91.3 MPH)
Batting: RHB Don Bonfield 0-0: Called Strike
0-1: Ground out 4-3 (Groundball, 4S, EV 72.5 MPH)
John Mitford to second
Batting: RHB Jamie Heaman 0-0: Ball
1-0: Ball
2-0: Foul Ball, location: 3FF
2-1: Ball
3-1: SINGLE (Groundball, 6MD, EV 101.3 MPH)
John Mitford to third
Runner from 3rd tries for Home, SAFE, throw by CF to home
Pinch Hitting: RHB Kazumasa Koide 0-0: Ball
1-0: Ground out 4-3 (Groundball, 34D, EV 95.0 MPH)
Top of the 7th over - 1 run, 2 hits, 0 errors, 1 left on base; Collingwood 3 - Parramatta 4
BOTTOM OF THE 7TH
Parramatta Giants batting - Pitching for Collingwood Magpies : RHP Steve Marr
Pitching: RHP Ken Hart
Batting: RHB Jace Whitlock 0-0: Called Strike
0-1: Ball
1-1: Called Strike
1-2: DOUBLE (Line Drive, 78D, EV 101.9 MPH)
Batting: LHB Hughie Stannard 0-0: Called Strike
0-1: Ball
1-1: Ball
2-1: DOUBLE (Flyball, 78XD, EV 101.9 MPH)
Jace Whitlock scores
Batting: RHB Tristan Cartier 0-0: Ball
1-0: Ball
2-0: Ball
3-0: Swinging Strike
3-1: Fly out, F7 (Flyball, 78M, EV 98.8 MPH)
Batting: RHB Matt Leseberg 0-0: Ball
1-0: Ball
2-0: SINGLE (Line Drive, 7S, EV 94.4 MPH)
Hughie Stannard to third
Batting: RHB Desmond Williams 0-0: Called Strike
0-1: Ball
1-1: Foul Ball, location: 7LSF
1-2: Foul Ball, location: 9LMF
1-2: Foul Ball, location: 25F
1-2: Ball
2-2: Foul Ball, location: 9LDF
2-2: Fielders Choice at home, 5-2 (Groundball, 56S, EV 83.8 MPH)
Matt Leseberg to second
Batting: SHB Layne Hodnett 0-0: Ball
1-0: Swinging Strike
1-1: Foul Ball, location: 5F
1-2: Ball
2-2: Ball
3-2: Fly out, F2 (Popup, 2RF, EV 96.9 MPH)
Bottom of the 7th over - 1 run, 3 hits, 0 errors, 2 left on base; Collingwood 3 - Parramatta 5
TOP OF THE 8TH
Collingwood Magpies batting - Pitching for Parramatta Giants : LHP Ieni Nagas
Batting: RHB Kevin Camira 0-0: DOUBLE (Line Drive, 9LM, EV 86.3 MPH)
Pitching: RHP Frank Selby
Batting: SHB Colin Attoehow 0-0: Swinging Strike
0-1: Ball
1-1: Ball
2-1: Called Strike
2-2: Ball
3-2: Foul Ball, location: 9LSF
3-2: Base on Balls
Batting: RHB Sinbad Trounson 0-0: Foul Ball, location: 2F
0-1: Swinging Strike
0-2: Ball
1-2: Strikes out looking
Batting: RHB Jake Aggett 0-0: Ball
1-0: Fly out, F3 (Popup, 3, EV 54.4 MPH)
Batting: RHB Bradly Acheson 0-0: Called Strike
0-1: Ball
1-1: Foul Ball, location: 2F
1-2: Ball
2-2: Foul Ball, location: 3F
2-2: Foul Ball, location: 2F
2-2: Strikes out looking
Top of the 8th over - 0 runs, 1 hit, 0 errors, 2 left on base; Collingwood 3 - Parramatta 5
BOTTOM OF THE 8TH
Parramatta Giants batting - Pitching for Collingwood Magpies : RHP Ken Hart
Batting: RHB Willie Bendall 0-0: Called Strike
0-1: Fly out, F2 (Popup, 2LF, EV 91.9 MPH)
Pinch Hitting: RHB Benjamin Ashwell 0-0: Ground out 5-3 (Groundball, 56, EV 88.8 MPH)
Batting: RHB Braxton Byford 0-0: Swinging Strike
0-1: Ball
1-1: Foul Ball, location: 2F
1-2: Ball
2-2: Fly out, F5 (Popup, 5S, EV 79.4 MPH)
Bottom of the 8th over - 0 runs, 0 hits, 0 errors, 0 left on base; Collingwood 3 - Parramatta 5
TOP OF THE 9TH
Collingwood Magpies batting - Pitching for Parramatta Giants : RHP Frank Selby
Pitching: RHP David Hockenhull
Now in LF: Jace Whitlock
Now in CF: Joe Graves
Batting: LHB John Mitford 0-0: Ground out 6-3 (Groundball, 6, EV 110.6 MPH)
Pinch Hitting: LHB Charlie Hodkinson 0-0: Called Strike
0-1: Swinging Strike
0-2: Strikes out swinging
Batting: RHB Jamie Heaman 0-0: Ground out 6-3 (Groundball, 6, EV 106.3 MPH)
Top of the 9th over - 0 runs, 0 hits, 0 errors, 0 left on base; Collingwood 3 - Parramatta 5
Sunday, May 5th , 2024 - OOTP Baseball 24.9 Build 80